 Dungeon Crawl Stone Soup version 0.29-a0-824-gd827844252 (webtiles) character file.

Game seed: 17082995982890683764

364 buhh the Insei (level 6, -4/42 HPs)
             Began as an Octopode Transmuter on July 11, 2022.
             Killed from afar by an orc wizard (10 damage)
             ... with a magic dart
             ... on level 4 of the Dungeon.
             The game lasted 00:04:50 (3787 turns).

buhh the Insei (Octopode Transmuter)                Turns: 3787, Time: 00:04:51

Health: -4/42      AC:  1    Str:  9    XL:     6   Next: 67%
Magic:  7/9        EV: 14    Int: 18    God:
Gold:   126        SH:  0    Dex: 12    Spells: 3/9 levels left

rFire   . . .      SeeInvis .     - Unarmed
rCold   + . .      Faith    .   (no shield)
rNeg    . . .      Spirit   .   (helmet restricted)
rPois   .          Reflect  .   (no amulet)
rElec   .          Harm     .   g - ring of protection from cold
rCorr   .          Rampage  .   (no ring)
Will    .....                   (no ring)
Stlth   ++........              (no ring)
HPRegen 0.14/turn               (no ring)
MPRegen 0.11/turn               (no ring)
                                (no ring)
                                (no ring)

@: confused, mighty
A: almost no armour, amphibious, 8 rings, camouflage 1, gelatinous body 1,
(nimble swimmer 1), tentacles
a: no special abilities


You were on level 4 of the Dungeon.
You visited 1 branch of the dungeon, and saw 4 of its levels.

You collected 126 gold pieces.

Inventory:

Missiles
 c - 3 poisoned darts
Jewellery
 g - a ring of protection from cold (left tentacle)
 l - the ring of the Past {rElec rC+ rN+ Will+++ Int-4}
   (You found it on level 2 of the Dungeon)

   [ring of protection from cold]

   Int:       It affects your intelligence (-4).
   rC:        It protects you from cold.
   rElec:     It insulates you from electricity.
   rN:        It protects you from negative energy.
   Will:      It greatly increases your willpower.
Wands
 C - a wand of iceblast (6)
 E - a wand of flame (19)
Scrolls
 a - a scroll of identify {!d}
 b - a scroll of blinking {!d}
 e - 2 scrolls of noise
 h - 4 scrolls of teleportation {unknown}
 j - 2 scrolls of enchant weapon
 k - 2 scrolls of enchant armour {unknown}
 n - a scroll of fear {unknown}
 o - a scroll of magic mapping {unknown}
 r - a scroll of amnesia {unknown}
Potions
 d - a potion of haste {unknown}
 f - a potion of degeneration {unknown}
 i - a potion of mutation {unknown}
 p - a potion of brilliance {unknown}
 q - 2 potions of invisibility {unknown}
 s - 2 potions of heal wounds {unknown}


   Skills:
 + Level 3.4 Fighting
 + Level 4.0 Dodging
 - Level 2.0 Stealth
 + Level 4.6 Unarmed Combat
 - Level 2.0 Spellcasting
 - Level 2.0 Transmutations
 * Level 1.8 Poison Magic


You had 3 spell levels left.
You knew the following spells:

 Your Spells              Type           Power      Damage    Failure   Level
a - Beastly Appendage     Tmut           18%        N/A       8%          1
b - Wereblood             Tmut           9%         N/A       12%         2
c - Spider Form           Tmut/Pois      8%         N/A       24%         3

Your spell library contained the following spells:

 Spells                   Type           Power      Damage    Failure   Level
 Poisonous Vapours        Pois/Air       10%        N/A       19%         2
 Ice Form                 Ice/Tmut       5%         N/A       75%         4
 Corpse Rot               Necr/Pois/Air  4%         N/A       80%         4
 Fireball                 Conj/Fire      0%         3d3       99%         5
 Starburst                Conj/Fire      0%         6d3       100%        6
 Ignition                 Fire           0%         3d3       100%        8


Dungeon Overview and Level Annotations

Branches:
Dungeon (4/15) Zot: 20223
 Temple: D:4-7

Altars:

Shops:
D:3 =[[(:   D:4 !

Annotations:
D:2 1 runed translucent door, Crazy Yiuf
D:4 Pikel


Innate Abilities, Weirdness & Mutations

You cannot wear most types of armour.
You are amphibious.
You can wear up to eight rings at the same time.
Your skin changes colour to match your surroundings (Stealth+).
Your rubbery body absorbs attacks. (AC +1, EV +1)
((You are camouflaged when in or above water. (Stealth+)))
You have tentacles for arms and can constrict up to eight enemies at once.


Message History

You closely miss the orc wizard. The orc wizard closely misses you.
You barely miss the orc wizard. The orc wizard casts a spell at you.
The magic dart hits you. Something hits you.
You hit the orc wizard.
The orc wizard is poisoned.
The orc wizard is lightly wounded.
The orc wizard misses you.
You hear some strange, mumbled words.
A puff of flame appears from out of thin air!
The puff of flame misses you.
You feel very mighty all of a sudden.
Your transformation is almost over.
The orc wizard closely misses you.
You bite the orc wizard!
You kill the orc wizard!
Your Dodging skill increases to level 4!
You bite the orc!
You kill the orc!
You hear some strange, mumbled words.
You are confused.
You bump into the rock wall.
Something hits you.
Things that are here:
a +0 dagger; a +0 robe You barely miss something.
You hear some strange, mumbled words.
A magic dart appears from out of thin air!
The magic dart hits you.
You hear some strange, mumbled words.
A puff of flame appears from out of thin air!
The puff of flame hits you!
* * * LOW HITPOINT WARNING * * *
Things that are here:
a +0 dagger; a +0 robe You bump into the rock wall.
Something misses you.
You closely miss something.
Your transformation has ended.
You hear some strange, mumbled words.
A magic dart appears from out of thin air!
The magic dart hits you!
You die...

##...##.### #...##
##.#.#..... #.#.##
#..#...##.## ..#..#
##.#.#.#...# #.#.##
###...#...#...#...##
###.#.#.#...#.#[#.##
##..#...##.##...#..#
..#.#.#...... #)#.##
#.#...##.###.##{@.##
#.#.#...........#.##
#...##.###.###.##..#
###...........)...##
###)###.###.###.###
####.######.#######
.# #.# #.# #.#


There were no monsters in sight!

Vanquished Creatures
  A lemure (D:4)
  A jelly (D:4)
  2 orc priests (D:2)
  Jessica (D:2)
  Natasha (thrice) (D:2)
  2 orc wizards
  Terence (D:2)
  5 adders
  2 dart slugs
  2 orcs
  4 endoplasms
  6 giant cockroaches
  8 goblins
  3 hobgoblins
  5 quokkas
  4 ball pythons
  4 bats
  3 frilled lizards
  4 kobolds
  3 rats
64 creatures vanquished.

Notes
Turn   | Place    | Note
-------+----------+-------------------------------------------
     0 | D:1      | buhh the Octopode Transmuter began the quest for the Orb.
     0 | D:1      | Reached XP level 1. HP: 13/13 MP: 3/3
   185 | D:1      | Reached skill level 1 in Stealth
   185 | D:1      | Reached XP level 2. HP: 15/18 MP: 3/5
   398 | D:1      | Reached skill level 1 in Poison Magic
   989 | D:2      | Noticed Jessica
   999 | D:2      | Killed Jessica
  1000 | D:2      | Reached XP level 3. HP: 9/24 MP: 4/6
  1231 | D:2      | Reached XP level 4. HP: 22/29 MP: 5/7
  1357 | D:2      | Noticed Terence
  1401 | D:2      | Killed Terence
  1690 | D:2      | Found a runed translucent door.
  1691 | D:2      | Noticed Crazy Yiuf
  1708 | D:2      | Noticed Natasha
  1712 | D:2      | Killed Natasha
  1866 | D:2      | Reached XP level 5. HP: 35/35 MP: 8/8
  1986 | D:2      | Found a faded altar of an unknown god.
  2003 | D:2      | Identified the ring of the Past {rElec rC+ rN+ Will+++
                  | Int-4}
  2131 | D:2      | Noticed Natasha
  2141 | D:2      | Killed Natasha
  2214 | D:2      | Reached XP level 6. HP: 42/42 MP: 9/9
  2491 | D:2      | Noticed Natasha
  2500 | D:2      | Killed Natasha
  2676 | D:3      | Found Daimit's Antique Weapon Shop.
  3009 | D:3      | Found Surr's Jewellery Shop.
  3088 | D:3      | Found Riakomis's Antique Armour Boutique.
  3145 | D:3      | Found Usenoi's Armour Emporium.
  3185 | D:3      | Found Tecilauj's Book Shoppe.
  3321 | D:4      | Learned a level 2 spell: Wereblood
  3325 | D:4      | Learned a level 3 spell: Spider Form
  3334 | D:4      | Found Tailleef's Distillery.
  3393 | D:4      | Noticed Pikel
  3787 | D:4      | Killed from afar by an orc wizard

Illustrated notes

Levels and vault maps discovered:
D:1:      saegor_arrival_simple_a, layout_loops_ring,
          nicolae_figureground_sparkle
D:2:      layout_basic, hellmonk_ecumenical_altar_pennies_from_heaven,
          minmay_bisected, uniq_terence, uniq_crazy_yiuf_cottage, uniq_jessica,
          uniq_natasha
D:3:      layout_basic, serial_shops, shop, nicolae_shop_behind_doors,
          nicolae_shop_waterfront, shop, nicolae_shop_waterfront
D:4:      layout_loops_ring, minmay_temple_entry_glassed_door, serial_shops,
          nicolae_shop_advertising_works [nicolae_subvault_shop_adworks],
          nicolae_concentric_dashed_squares_mild, uniq_pikel

Skill      XL: |  1  2  3  4  5  6 |
---------------+-------------------+-----
Stealth        | 1 2 |  2.0
Poison Magic   | 1 |  1.8
Fighting       | 2 3 |  3.4
Dodging        | 3 4 |  4.0
Unarmed Combat | 4 |  4.6
Spellcasting   | |  2.0
Transmutations | |  2.0

Action                   |  1- 3 |  4- 6 || total
-------------------------+-------+-------++-------
Melee: Unarmed           |    51 |   109 ||   160
       Kick              |    12 |    22 ||    34
       Constrict         |    13 |    17 ||    30
       Tentacles         |    10 |    17 ||    27
       Punch             |     2 |     7 ||     9
 Cast: Beastly Appendage |    22 |    31 ||    53
       Spider Form       |       |     2 ||     2
Evoke: Wand              |       |     6 ||     6
  Use: Scroll            |       |     4 ||     4
       Potion            |       |     2 ||     2
 Stab: Sleeping          |     5 |     5 ||    10
Armor: Skin              |     5 |    14 ||    19
Dodge: Dodged            |    33 |    57 ||    90

Table legend: (Time is in decaauts)
 A = Elapsed time spent in this place.
 B = Non-inter-level travel time spent in this place.
 C = Inter-level travel time spent in this place.
 D = Time resting spent in this place.
 E = Time spent auto-exploring this place.
 F = Levels seen in this place.
 G = Mean time per level.
                   A        B        C        D        E       F      G
               +--------+--------+--------+--------+--------+-----+--------+
         Total |   3775 |   3737 |     38 |    337 |   2748 |   4 |  943.8 |
       Dungeon |   3775 |   3737 |     38 |    337 |   2748 |   4 |  943.8 |
               +--------+--------+--------+--------+--------+-----+--------+

Top non-repeatable levels by time:
     D:2: 1614 daAuts
     D:1: 979 daAuts
     D:3: 949 daAuts
     D:4: 232 daAuts
